 Dungeon Crawl Stone Soup version 0.19-a0-1908-g43c011f (webtiles) character file.

105 kae the Ruffian (level 4, 0/38 HPs)
             Began as a Draconian Transmuter on Oct 22, 2016.
             Succumbed to Ijyb's poison
             ... on level 2 of the Dungeon.
             The game lasted 00:01:47 (1441 turns).

kae the Ruffian (Draconian Transmuter)              Turns: 1441, Time: 00:01:48

Health: 0/38       AC:  7    Str: 18    XL:     4   Next: 53%
Magic:  7/7        EV: 12    Int: 13    God:
Gold:   91         SH:  0    Dex: 12    Spells: 1 memorised, 6 levels left

rFire  . . .     SeeInvis +       - Unarmed
rCold  . . .     Gourm    .     (armour unavailable)
rNeg   . . .     Faith    .     (no shield)
rPois  .         Spirit   .     (helmet restricted)
rElec  .         Reflect  .     (no cloak)
rCorr  .         Harm     .     p - +0 pair of gloves (curse)
MR     .....                    l - +0 pair of boots
Stlth  +.........               q - amulet of rage
                                (no ring)
                                h - ring of see invisible

@: mighty, lethally poisoned (0 -> -28)
A: unfitting armour, cold-blooded, AC +5
a: Evoke Berserk Rage


You were on level 2 of the Dungeon.
You were not hungry.

You visited 1 branch of the dungeon, and saw 2 of its levels.

You collected 91 gold pieces.

Inventory:

Missiles
 a - 12 arrows
Armour
 l - a +0 pair of boots (worn)
 p - a cursed +0 pair of gloves (worn)
Jewellery
 h - a ring of see invisible (left hand)
 q - an amulet of rage (around neck)
Scrolls
 d - 3 scrolls of recharging {unknown}
 f - 3 scrolls of remove curse {unknown}
 i - a scroll of noise {unknown}
 m - 2 scrolls of identify {unknown}
 n - a scroll of enchant weapon {unknown}
Potions
 k - a potion of ambrosia {unknown}
 r - a potion of heal wounds {unknown}
 s - a potion of flight {unknown}
Books
 b - a book of Changes

   Spells                             Type                      Level
   a - Beastly Appendage              Transmutation                1
   b - Sticks to Snakes               Transmutation                2
   c - Spider Form                    Transmutation/Poison         3
   d - Ice Form                       Ice/Transmutation            4
   e - Blade Hands                    Transmutation                5
Comestibles
 c - a bread ration
 j - a meat ration
 t - 3 chunks of flesh


   Skills:
 + Level 3.0 Fighting
 - Level 1.7 Dodging
 * Level 4.6 Unarmed Combat
 - Level 2.0 Spellcasting
 - Level 2.0 Transmutations


You had 6 spell levels left.
You knew the following spells:

 Your Spells              Type           Power        Failure   Level  Hunger
a - Beastly Appendage     Tmut           #.....       12%         1    ##.....


Dungeon Overview and Level Annotations

Branches:
Dungeon (2/15)

Altars:
Nemelex Xobeh


Innate Abilities, Weirdness & Mutations

Your plain brown scales are hard. (AC +5)
You cannot fit into any form of body armour.
You are cold-blooded and may be slowed by cold attacks.


Message History

Unknown command.
You hit Ijyb. You tail-slap Ijyb.
Ijyb is almost dead.
* * * LOW HITPOINT WARNING * * *
You feel sick. Ijyb hits you but does no damage.
You are more poisoned.
You hit Ijyb.
You kill Ijyb!
Your Fighting skill increases to level 3!
* * * LOW HITPOINT WARNING * * *
You feel very sick.
Unknown command.
* * * LOW HITPOINT WARNING * * *
You feel sick.
Things that are here:
a dagger of venom; a wand of paralysis {zapped: 12} Unknown command.
It was a potion of might.
You feel very mighty all of a sudden.
You die...

#..........#
#..........#
g.######..........#
.............<....#
..######..........#
#..........#
#..........#
#..........#
#......@...#
#..........#######
######...........#
#...........#
#)..........#
######...........#
#..).)...........#
#........).......#
#...)............#


There were no monsters in sight!

Vanquished Creatures
  Ijyb (D:2)
  4 gnolls (D:2)
  An adder (D:2)
  A dart slug (D:2)
  A leopard gecko (D:2)
  A giant cockroach (D:1)
  4 goblins
  5 hobgoblins (D:1)
  4 bats
  3 frilled lizards (D:1)
  6 kobolds
  3 rats
34 creatures vanquished.

Notes
Turn   | Place    | Note
-------+----------+-------------------------------------------
     0 | D:1      | kae the Draconian Transmuter began the quest for the Orb.
     0 | D:1      | Reached XP level 1. HP: 16/16 MP: 3/3
   151 | D:1      | Found a sparkling altar of Nemelex Xobeh.
   329 | D:1      | Reached XP level 2. HP: 21/24 MP: 5/5
   970 | D:2      | Reached XP level 3. HP: 16/29 MP: 6/6
  1198 | D:2      | Reached skill level 4 in Unarmed Combat
  1269 | D:2      | Reached XP level 4. HP: 4/37 MP: 7/7
  1396 | D:2      | Noticed Ijyb
  1398 | D:2      | Paralysed by Ijyb for 2 turns
  1403 | D:2      | Paralysed by Ijyb for 6 turns
  1422 | D:2      | Paralysed by Ijyb for 2 turns
  1430 | D:2      | Paralysed by Ijyb for 7 turns
  1439 | D:2      | Killed Ijyb
  1441 | D:2      | Succumbed to Ijyb's poison

Vault maps used:
D:1:      mainiacjoe_arrival_reflecting_pool, grunt_decor_cap,
          nemelex_xobeh_ov_fountains_minmay
D:2:      uniq_iyjb, uniq_jessica

Skill      XL: |  1  2  3  4 |
---------------+-------------+-----
Fighting       | 2 3 |  3.0
Unarmed Combat | 4 |  4.6
Dodging        | |  1.7
Spellcasting   | |  2.0
Transmutations | |  2.0

Action                   |  1- 3 |  4- 6 || total
-------------------------+-------+-------++-------
Melee: Unarmed           |   108 |    24 ||   132
       Tailslap          |     9 |     2 ||    11
       Punch             |     1 |       ||     1
 Cast: Beastly Appendage |     3 |     2 ||     5
  Use: Potion            |       |     4 ||     4
 Stab: Invisible         |       |     2 ||     2
  Eat: Chunk             |     1 |     1 ||     2
Armor: Skin              |    33 |    12 ||    45
Dodge: Dodged            |    73 |    10 ||    83
